 Dungeon Crawl Stone Soup version 0.22.0-40-g68aacdc4c8 (webtiles) character file.

1706 Kaderl the Spear-Bearer (level 9, -7/68 HPs)
             Began as a Human Fighter on Sept 1, 2018.
             Killed by divine providence
             ... invoked by an orc high priest
              (11 damage)
             ... in a bailey.
             The game lasted 00:26:00 (5195 turns).

Kaderl the Spear-Bearer (Human Fighter)             Turns: 5195, Time: 00:26:02

Health: -7/68      AC: 16    Str: 23    XL:     9   Next: 23%
Magic:  9/9        EV:  7    Int: 10    God:
Gold:   258        SH:  2    Dex: 13    Spells: 8/8 levels left

rFire    + . .     SeeInvis .   y - +0 glaive
rCold    + . .     Gourm    .   (shield currently unavailable)
rNeg     . . .     Faith    .   a - +0 plate armour
rPois    +         Spirit   .   (no helmet)
rElec    +         Reflect  +   q - +0 cloak
rCorr    +         Harm     .   r - +0 pair of gloves
MR       .....                  o - +0 pair of boots
Stlth    ..........             s - +2 amulet of reflection
HPRegen  0.21/turn              (no ring)
MPRegen  0.11/turn              (no ring)

@: mighty, lethally poisoned (-7 -> -16), about to teleport, resistant
A: no striking features
a: no special abilities


You were in a bailey.
You were full.

You visited 1 branch of the dungeon, and saw 7 of its levels.
You also visited: Bailey.

You collected 340 gold pieces.
You spent 82 gold pieces at shops.

Inventory:

Hand Weapons
 y - a +0 glaive (weapon)
Missiles
 m - 3 needles of confusion
 n - 37 poisoned needles
Armour
 a - a +0 plate armour (worn)
 o - a +0 pair of boots (worn)
 q - a +0 cloak (worn)
 r - a +0 pair of gloves (worn)
Jewellery
 s - a +2 amulet of reflection (around neck)
 u - an uncursed amulet of regeneration {unknown}
Scrolls
 d - a scroll of immolation
 g - a scroll of enchant armour
 h - 2 scrolls of teleportation
 i - 3 scrolls of remove curse
 t - 5 scrolls of identify
Potions
 c - a potion of might
 j - a potion of cancellation
 k - 2 potions of lignification {unknown}
 l - a potion of magic {unknown}
 p - a potion of brilliance {unknown}
 v - a potion of flight {unknown}
 w - 2 potions of berserk rage {unknown}
 x - a potion of mutation {unknown}
Comestibles
 f - 9 rations


   Skills:
 + Level 5.2 Fighting
 + Level 8.0 Polearms
 + Level 5.7 Armour
 + Level 2.3 Dodging
 + Level 0.5 Stealth
   Level 4.9 Shields


You had 8 spell levels left.
You didn't know any spells.
Your spell library was empty.

Dungeon Overview and Level Annotations

Branches:
Dungeon (7/15)             Temple (0/1) D:7

Altars:
Cheibriados
Fedhas

Shops:
D:4 *[=(


Message History

You feel sick.
The crimson imp shouts, "Despair, thou baffled rude-growing frater!"
The crimson imp hits you but does no damage.
The kobold demonologist miscasts a cantrip.
You feel sick. The sixfirhy hits you!
* * * LOW HITPOINT WARNING * * *
The sixfirhy shocks you. You resist.
* * * LOW HITPOINT WARNING * * *
The crimson imp blinks!
The crimson imp hits you but does no damage.
The sixfirhy hits you but does no damage.
Okay, then.
As you read the scroll of teleportation, it crumbles to dust.
You feel strangely unstable.
* * * LOW HITPOINT WARNING * * *
You feel sick. The crimson imp barely misses you.
The kobold demonologist looks encouraged for a moment.
The orc high priest invokes the aid of Beogh against you.
Beogh smites you!
You die...

*≈≈≈≈≈≈≈≈≈,##+#.......,,,,*+**,≈≈
*≈≈≈≈≈≈≈≈≈,+....54.._.,,,,,,,+,≈≈
*≈≈≈≈≈≈≈≈≈,#.8444o....,,,,,8,*,≈≈
*≈≈≈≈≈≈≈≈≈,#..K.go....,,,,...#,≈≈
*≈≈≈≈≈≈≈≈≈,#.84###********.8.#,≈≈
*≈≈≈≈≈≈≈≈≈,#..o..#######,....#,≈≈
*≈≈≈≈≈≈≈≈≈,#.8...#.....#,..8.#,≈≈
*≈≈≈≈≈≈≈≈≈,#...o3#.....#.....*,≈≈
*≈≈≈≈≈≈≈≈*+####5@#..⌠..#..#***+*≈
*≈≈≈≈≈≈≈≈*,,,,#..'.....'..#,,,,*≈
*≈≈≈≈≈≈≈≈*,,,,#..'.....'..#,,,,*≈
*≈≈≈≈≈≈≈≈***,,#####)))#####,,***≈
*≈≈≈≈≈≈≈≈*,+,,#....)......#,,+,*≈
*≈≈≈≈≈≈≈≈***###≈≈≈≈...≈≈≈≈##****≈
*≈≈≈≈≈≈≈≈≈≈≈≈≈≈≈≈≈≈...≈≈≈≈≈≈≈≈≈≈≈
*≈≈≈≈≈≈≈≈≈≈≈≈≈≈≈≈≈≈...≈≈≈≈≈≈≈≈≈≈≈
*≈≈≈≈≈≈≈≈≈≈≈≈≈≈≈≈≈≈...≈≈≈≈≈≈≈≈≈≈≈


You could see an orc high priest, a hellwing, a kobold demonologist, a sixfirhy,
a red devil, a crimson imp and an orc.

Vanquished Creatures
  2 centaurs (D:6)
  2 bullfrogs (D:6)
  Blork the orc (D:6)
  A wyvern zombie (D:7)
  2 scorpions
  5 wights (D:6)
  A howler monkey (D:4)
  2 crimson imps
  A bullfrog zombie (D:5)
  A jelly (D:6)
  4 orc priests
  A gnoll shaman (D:5)
  A bullfrog skeleton (D:5)
  3 hounds
  3 orc wizards
  2 iguanas (D:3)
  4 worker ants
  3 hound zombies (D:6)
  9 gnolls
  5 adders
  A shadow imp (D:7)
  3 worms (D:2)
  4 dart slugs
  2 leopard geckos
  22 orcs
  3 ball pythons
  7 bats
  6 giant cockroaches
  12 goblins
  9 hobgoblins
  5 kobolds
  2 quokkas
  7 frilled lizards
  A leopard gecko skeleton (D:6)
  6 rats
143 creatures vanquished.

Notes
Turn   | Place    | Note
-------+----------+-------------------------------------------
     0 | D:1      | Kaderl the Human Fighter began the quest for the Orb.
     0 | D:1      | Reached XP level 1. HP: 18/18 MP: 1/1
    23 | D:1      | Reached XP level 2. HP: 10/24 MP: 2/2
   422 | D:1      | Reached XP level 3. HP: 29/29 MP: 3/3
  1053 | D:2      | Reached XP level 4. HP: 21/35 MP: 4/4
  1666 | D:3      | Reached skill level 3 in Polearms
  1704 | D:3      | Reached XP level 5. HP: 20/42 MP: 5/5
  2045 | D:3      | Reached skill level 1 in Dodging
  2274 | D:4      | Reached XP level 6. HP: 40/48 MP: 6/6
  2307 | D:4      | Found Oceviut's Jewellery Shoppe.
  2319 | D:4      | Bought a +2 amulet of reflection for 82 gold pieces
  2444 | D:4      | Found Musi's Weapon Shoppe.
  2560 | D:4      | Reached skill level 4 in Polearms
  2633 | D:4      | Found Xefec's Armour Shop.
  2774 | D:4      | Reached XP level 7. HP: 30/54 MP: 7/7
  3054 | D:4      | Found Qaiwuol's Assorted Antiques.
  3110 | D:5      | Entered Level 5 of the Dungeon
  3255 | D:5      | Reached skill level 5 in Polearms
  3284 | D:5      | Found a snail-covered altar of Cheibriados.
  3680 | D:5      | Reached XP level 8. HP: 61/61 MP: 8/8
  3804 | D:5      | Found a blossoming altar of Fedhas.
  3918 | D:6      | Noticed Blork the orc
  3926 | D:6      | Killed Blork the orc
  3926 | D:6      | Reached skill level 6 in Polearms
  4283 | D:6      | Reached skill level 5 in Armour
  4368 | D:6      | Reached skill level 5 in Fighting
  4402 | D:6      | Reached skill level 7 in Polearms
  4472 | D:6      | Reached XP level 9. HP: 68/68 MP: 9/9
  5024 | D:7      | Found a flagged portal.
  5088 | D:7      | Found a staircase to the Ecumenical Temple.
  5136 | Bailey   | Entered a bailey
  5161 | Bailey   | Reached skill level 8 in Polearms
  5182 | Bailey   | Found the +3 salamander hide armour {+Rage rF++}
  5182 | Bailey   | Found an iron altar of Okawaru.
  5182 | Bailey   | Noticed a kobold demonologist
  5182 | Bailey   | Noticed an orc high priest
  5184 | Bailey   | Noticed a hellwing
  5187 | Bailey   | Noticed an orange demon
  5189 | Bailey   | Noticed a red devil
  5190 | Bailey   | Noticed a sixfirhy
  5195 | Bailey   | Killed from afar by an orc high priest

Skill      XL: |  1  2  3  4  5  6  7  8  9 |
---------------+----------------------------+-----
Polearms       | 3 4 5 7 8 |  8.0
Dodging        | 1 2 |  2.3
Fighting       | 4 5 |  5.2
Shields        | 4 |  4.9
Armour         | 4 5 |  5.7
Stealth        | |  0.5

Action                   |  1- 3 |  4- 6 |  7- 9 || total
-------------------------+-------+-------+-------++-------
Melee: Trident           |   134 |   263 |   132 ||   529
       Glaive            |       |       |   158 ||   158
  Use: Scroll            |     3 |     4 |    13 ||    20
       Potion            |       |       |     8 ||     8
  Eat: Ration            |     1 |     2 |     3 ||     6
Armor: Scale mail        |    51 |   103 |       ||   154
       Chain mail        |       |       |    53 ||    53
       Plate armour      |       |       |   143 ||   143
Dodge: Dodged            |    22 |    86 |    93 ||   201
Block: Shield            |    57 |   161 |    81 ||   299
       Other             |       |       |    17 ||    17
